 Dungeon Sprint DCSS version 0.30-a0-852-g08b95dd62f (webtiles) character file.

Game seed: 1585342197256221161

132 Rocko1345 the Carver (level 8, -1/103 HPs)
             Began as a Human Fighter on Mar 4, 2023.
             Was a Believer of Okawaru.
             Slain by a hell hound (6 damage)
             ... in the Dungeon (Sprint VI: "Thunderdome").
             The game lasted 00:07:13 (567 turns).

Rocko1345 the Carver (Human Fighter)                 Turns: 567, Time: 00:07:14

Health: -1/103     AC: 11    Str: 19    XL:     8   Next: 25%
Magic:  8/8        EV: 11    Int:  9    God:    Okawaru [**....]
Gold:   68         SH:  6    Dex: 12    Spells: 7/7 levels left

rFire   + . .      SeeInvis .    a - +0 long sword
rCold   + . .      Faith    .    c - +0 buckler
rNeg    + . .      Spirit   .    b - +0 scale mail
rPois   +          Reflect  .    d - +2 helmet of Resourcefulness {rPois rN+ Stlth+}
rElec   +          Rampage  .    (no cloak)
rCorr   +          NoTele   +    (no gloves)
Will    .....                    (no boots) Stlth
                                 (no amulet)
HPRegen 0.37/turn                (no ring)
MPRegen 0.11/turn                (no ring)

@: berserking, resistant, very quick
A: no striking features
a: Renounce Religion, Heroism


You were in the Dungeon.
You worshipped Okawaru.
Okawaru was pleased with you.
You visited 1 branch You collected 400 gold pieces.
You spent 332 gold pieces at shops.

Inventory:

Hand Weapons
 a - a +0 long sword (weapon)
Armour
 b - a +0 scale mail (worn)
 c - a +0 buckler (worn)
 d - the +2 helmet of Resourcefulness (worn) {rPois rN+ Stlth+}
   (You bought it in a shop in the Dungeon)

   rPois:     It protects you from poison.
   rN:        It protects you from negative energy.
   Stlth:     It makes you more stealthy.
Wands
 l - a wand of acid (1)
 m - a wand of roots (4)
Scrolls
 j - 4 scrolls of blinking
 n - 3 scrolls of fog
Potions
 g - 4 potions of haste
 h - 2 potions of magic


   Skills:
 + Level 8.3 Fighting
 + Level 9.0 Long Blades
 + Level 8.7 Armour
 + Level 4.7 Dodging
 + Level 8.2 Shields
 + Level 0.2 Invocations
 + Level 2.4 Evocations


You had 7 spell levels left.
You didn't know any spells.
Your spell library was empty.

Dungeon Overview and Level Annotations

Branches:
Dungeon (1/1)

Altars:
Cheibriados
Dithmenos
Fedhas
Gozag
Kikubaaqudgha
Makhleb
Okawaru
Qazlal
Ru
Sif Muna
Trog
Uskayaw
Vehumet
Wu Jian
Xom
Yredelemnul
Zin
The Shining One
Lugonu

Shops:
D *[??*?*:[((!!!!


Message History

The hell hound bites you. The hound bites you but does no damage.
You block the wolf's attack. The hell hound bites you!
The hound closely misses you.
You miss the hell hound.
The hell hound is almost dead.
The wolf bites you but does no damage. You block the hell hound's attack.
The hound closely misses you. The wolf bites you!
* * * LOW HITPOINT WARNING * * *
You miss the hell hound.
The hell hound is almost dead.
The hell hound barely misses you. The wolf closely misses you.
The hound misses you.
The hell hound bites you but does no damage.
The wolf bites you.
* * * LOW HITPOINT WARNING * * *
The hound bites you.
* * * LOW HITPOINT WARNING * * *
You barely miss the hell hound.
The hell hound is almost dead.
You block the wolf's attack. The hell hound breathes flames at you.
The blast of flame hits you. You resist.
* * * LOW HITPOINT WARNING * * *
The hound bites you.
* * * LOW HITPOINT WARNING * * *
You feel better. The wolf barely misses you.
The hell hound bites you but does no damage.
The hound bites you but does no damage. The wolf bites you.
* * * LOW HITPOINT WARNING * * *
You block the hell hound's attack.
A red film seems to cover your vision as you go berserk!
You feel yourself moving faster!
You feel mighty! The hound bites you but does no damage.
The wolf completely misses you. You block the hell hound's attack.
You block the hound's attack. The wolf bites you!
* * * LOW HITPOINT WARNING * * *
You miss the hell hound.
The hell hound is severely wounded.
The hell hound bites you.
You die...

#⌠..........# #.<.# #..........⌠#
#⌠.........)###...###..........⌠#
##.............###.............##
###∩........8.# #.8........∩###
##∩___..[.).###......__.∩##
######.8.........8.######
#⌠.......†...⌠# ###....hh)..###
#_...@h.._# #_......._#
#_..)...._# #∩.......∩#
##∩.....∩## ##.....## ##⌠⌠⌠##
#####


You could see a hell hound, a wolf and a hound.

Vanquished Creatures
  A komodo dragon (D)
  A yak (D)
  A basilisk (D)
  A hell hound (D)
  A wolf (D)
  A bullfrog (D)
  A hound (D)
  Jessica (D)
  2 river rats (D)
  5 orcs (D)
  2 goblins (D)
  A kobold (D)
18 creatures vanquished.

Notes
Turn   | Place    | Note
-------+----------+-------------------------------------------
     0 | D        | Rocko1345 the Human Fighter began the quest for the Orb.
     0 | D        | Reached XP level 1. HP: 18/18 MP: 1/1
     4 | D        | Found a stormy altar of Qazlal.
     4 | D        | Found a glowing golden altar of the Shining One.
     5 | D        | Found a blossoming altar of Fedhas.
     5 | D        | Found an ornate altar of the Wu Jian Council.
     5 | D        | Round 1.
     6 | D        | Found a shadowy altar of Dithmenos.
     6 | D        | Found an iron altar of Okawaru.
     7 | D        | Found a shimmering blue altar of Sif Muna.
     8 | D        | Found Bipreon's Identification Station.
     8 | D        | Found a radiant altar of Vehumet.
     8 | D        | Found a snail-covered altar of Cheibriados.
     9 | D        | Found Jelomp's Advanced Armour.
     9 | D        | Found Arghu's Jewellery.
    13 | D        | Noticed Jessica
    21 | D        | Killed Jessica
    22 | D        | Reached XP level 2. HP: 20/26 MP: 2/2
    22 | D        | Reached XP level 3. HP: 24/31 MP: 3/3
    38 | D        | Found Kivvy's Premium Goods.
    42 | D        | Found a burning altar of Makhleb.
    42 | D        | Found a sacrificial altar of Ru.
    42 | D        | Found Enlim's Weapon Rack.
    43 | D        | Found Focah's Miscellaneous Merchandise.
    43 | D        | Found Gapeil's Basic Armour.
    65 | D        | Reached skill level 5 in Fighting
    65 | D        | Reached skill level 3 in Long Blades
    65 | D        | Reached skill level 5 in Armour
    65 | D        | Reached XP level 4. HP: 20/39 MP: 4/4
    65 | D        | Arena points: 12 (+12) [x2]
    70 | D        | Found an opulent altar of Gozag.
    75 | D        | Became a worshipper of Warmaster Okawaru
   116 | D        | Round 2.
   128 | D        | Found an ancient bone altar of Kikubaaqudgha.
   176 | D        | Found a hide-covered altar of Uskayaw.
   179 | D        | Found a bloodstained altar of Trog.
   181 | D        | Found a basalt altar of Yredelemnul.
   184 | D        | Found Imerumeh's Magic Scroll Shop.
   188 | D        | Found Ynnitong's Magic Scroll Shop.
   188 | D        | Found Vuhexkuo's Must-Have Magic.
   189 | D        | Found a shimmering altar of Xom.
   189 | D        | Found a glowing silver altar of Zin.
   189 | D        | Found Ympy's Staff Store.
   194 | D        | Found a corrupted altar of Lugonu.
   208 | D        | Reached skill level 5 in Shields
   263 | D        | Found Vasmej's Distillery.
   265 | D        | Found Qyibram's Distillery.
   265 | D        | Found Zuupad's Bottled Wisdom.
   266 | D        | Found Obroluso's Do-It-Yourself Clinic.
   268 | D        | Arena points: 48 (+36) [x3]
   269 | D        | Reached skill level 1 in Dodging
   287 | D        | Round 3.
   356 | D        | Noticed a yak
   356 | D        | Noticed a basilisk
   363 | D        | Killed a basilisk
   364 | D        | Reached skill level 5 in Long Blades
   364 | D        | Reached skill level 1 in Evocations
   364 | D        | Reached XP level 5. HP: 47/47 MP: 5/5
   364 | D        | Reached XP level 6. HP: 53/53 MP: 6/6
   370 | D        | Killed a yak
   370 | D        | Reached * piety under Okawaru
   371 | D        | Reached skill level 6 in Long Blades
   385 | D        | Noticed a komodo dragon
   387 | D        | Reached XP level 7. HP: 21/60 MP: 7/7
   396 | D        | Killed a komodo dragon
   396 | D        | Reached ** piety under Okawaru
   397 | D        | Reached skill level 8 in Long Blades
   402 | D        | Arena points: 132 (+84) [x4]
   420 | D        | Bought a scorched helmet for 332 gold pieces
   420 | D        | Identified the +2 helmet of Resourcefulness {rPois rN+
                  | Stlth+} (You bought it in a shop in the Dungeon)
   479 | D        | Round 4.
   481 | D        | Noticed a hell hound
   504 | D        | Killed a hell hound
   505 | D        | Reached XP level 8. HP: 23/68 MP: 6/8
   520 | D        | Reached skill level 9 in Long Blades
   557 | D        | HP: 2/69 [hell hound (10)]
   566 | D        | HP: 4/103 [wolf (7)]
   567 | D        | Slain by a hell hound

Illustrated notes

Levels and vault maps discovered:
D:        arena_sprint

Skill      XL: |  1  2  3  4  5  6  7  8 |
---------------+-------------------------+-----
Fighting       | 4 5 6 7 8 |  8.3
Armour         | 4 5 6 7 8 |  8.7
Shields        | 4 6 7 8 |  8.2
Long Blades    | 3 5 6 8 9 |  9.0
Dodging        | 2 3 4 |  4.7
Evocations     | 1 2 |  2.4
Invocations    | |  0.2

Action                     |  1- 3 |  4- 6 |  7- 9 || total
---------------------------+-------+-------+-------++-------
  Melee: Long sword        |    22 |    48 |    55 ||   125
 Invoke: Heroism           |       |       |     2 ||     2
  Evoke: Wand              |       |     4 |     1 ||     5
    Use: Potion            |       |       |     8 ||     8
 Armour: Scale mail        |    14 |    11 |    31 ||    56
  Dodge: Dodged            |    18 |    21 |    56 ||    95
  Block: Buckler           |     9 |     9 |    32 ||    50

Table legend: (Time is in decaauts)
 A = Elapsed time spent in this place.
 B = Non-inter-level travel time spent in this place.
 C = Inter-level travel time spent in this place.
 D = Time resting spent in this place.
 E = Time spent auto-exploring this place.
 F = Levels seen in this place.
 G = Mean time per level.
                   A        B        C        D        E       F      G
               +--------+--------+--------+--------+--------+-----+--------+
         Total |    579 |    533 |     46 |    125 |      0 |   1 |  579.0 |
       Dungeon |    579 |    533 |     46 |    125 |      0 |   1 |  579.0 |
               +--------+--------+--------+--------+--------+-----+--------+

Top non-repeatable levels by time:
       D: 579 daAuts
